 Dungeon Crawl Stone Soup version 0.29.1-12-g30fa7ad0bf (webtiles) character file.

Game seed: 11977781028162093871

1654 cheesebisquit the Cleaver (level 8, -4/67 HPs)
             Began as a Minotaur Berserker on Dec 27, 2022.
             Was a Believer of Trog.
             Killed from afar by an electric eel (6 damage)
             ... with a bolt of electricity
             ... on level 6 of the Dungeon.
             The game lasted 00:27:39 (5648 turns).

cheesebisquit the Cleaver (Minotaur Berserker)      Turns: 5648, Time: 00:27:40

Health: -4/67      AC:  8    Str: 24    XL:     8   Next: 68%
Magic:  7/7        EV: 11    Int:  4    God:    Trog [**....]
Gold:   69         SH:  0    Dex: 10    Spells: 7/7 levels left

rFire   . . .      SeeInvis +   a - +0 hand axe (protect)
rCold   . . .      Faith    .   (no shield)
rNeg    . . .      Spirit   .   j - +0 scale mail
rPois   .          Reflect  .   (helmet restricted)
rElec   .          Harm     .   (no cloak)
rCorr   .          Rampage  .   g - +0 pair of gloves
Will    .....                   (no boots)
Stlth   ..........              (no amulet)
HPRegen 0.21/turn               y - ring of see invisible
MPRegen 0.10/turn               (no ring)

@: on berserk cooldown, slowed, studying Axes, very slow
A: horns 2, retaliatory headbutt
a: Renounce Religion, Berserk, Trog's Hand


You were on level 6 of the Dungeon.
You worshipped Trog.
Trog was pleased with you.
You visited 1 branch of the dungeon, and saw 6 of its levels.
You also visited: Sewer.

You collected 185 gold pieces.
You spent 116 gold pieces at shops.

Inventory:

Hand Weapons
 a - a +0 hand axe of protection (weapon)
 h - a +0 battleaxe of electrocution
Missiles
 w - a curare-tipped dart (quivered)
 A - 12 poisoned darts
Armour
 b - a +0 animal skin
 g - a +0 pair of gloves (worn)
 j - a +0 scale mail (worn)
Jewellery
 y - a ring of see invisible (left hand)
Wands
 z - a wand of mindburst (16)
Scrolls
 e - 2 scrolls of teleportation
 f - a scroll of fear
 k - a scroll of amnesia {unknown}
 l - 2 scrolls of vulnerability
 m - a scroll of acquirement {unknown}
 n - 2 scrolls of poison
 p - a scroll of torment {unknown}
 t - a scroll of enchant weapon {unknown}
 v - a scroll of enchant armour {unknown}
 C - a scroll of identify
Potions
 c - 3 potions of mutation
 d - 3 potions of invisibility
 i - a potion of brilliance {unknown}
 o - 3 potions of heal wounds
 q - 2 potions of degeneration
 r - 3 potions of might
 s - 5 potions of flight
 u - a potion of cancellation {unknown}
 x - 3 potions of curing
 B - a potion of lignification {unknown}


   Skills:
 - Level 4.8 Fighting
 + Level 13.7 Axes
 - Level 4.0 Armour
 - Level 3.6 Dodging


You had 7 spell levels left.
You didn't know any spells.
Your spell library was empty.

Dungeon Overview and Level Annotations

Branches:
Dungeon (6/15)              Sewer (visited)
 Temple: D:4-7

Altars:
Ashenzari
Ru
Wu Jian
Xom

Shops:
D:2 *   D:4 (?=!

Annotations:
D:6 2 runed translucent doors, Crazy Yiuf; wormed's ghost, novice DsFi


Innate Abilities, Weirdness & Mutations

You have a pair of horns on your head.
You reflexively headbutt those who attack you in melee.


Message History

The bolt of electricity hits the electric eel.
The electric eel completely resists.
The bolt of electricity hits you!
* * * LOW HITPOINT WARNING * * *
The electric eel shoots out a bolt of lightning at you!
The bolt of electricity misses you.
Your skin crawls.
You feel strong-willed.
You feel the effects of Trog's Hand fading.
The bullfrog hits you.
* * * LOW HITPOINT WARNING * * *
A red film seems to cover your vision as you go berserk!
You feel yourself moving faster!
You feel mighty! The bullfrog hits you.
* * * LOW HITPOINT WARNING * * *
You slash the bullfrog!
Your weapon exudes an aura of protection.
The bullfrog is heavily wounded.
The bullfrog hits you but does no damage.
You hit the bullfrog. You headbutt the bullfrog!
The bullfrog is almost dead.
You closely miss the bullfrog.
The bullfrog is almost dead.
The bullfrog hits you but does no damage.
You slash the bullfrog!
You kill the bullfrog!
Trog accepts your kill.
An electric eel is nearby!
You feel a strong urge to attack something.
You start resting.
You are no longer berserk.
You are exhausted.
You feel yourself slow down.
Your skin stops crawling.
You feel less strong-willed.
The electric eel shoots out a bolt of lightning at you!
The bolt of electricity misses you.
The electric eel shoots out a bolt of lightning at you!
The bolt of electricity hits you!
* * * LOW HITPOINT WARNING * * *
The electric eel shoots out a bolt of lightning at you!
The bolt of electricity hits you.
You die...

≈≈. ≈~≈~ ≈≈≈≈##
≈≈≈≈≈. ≈≈≈≈~≈#
~~~≈~≈≈
~:..≈S~####### $.$
#~....†..#
~...~≈.~#~~.....@#
~~~~~~#~≈≈~......#
≈~≈≈≈#≈≈≈≈.......#
≈~≈≈≈≈≈≈~........#
≈~~#≈≈≈≈#........#
≈≈~~≈≈~≈.........#
≈~~≈~~...........#
~~.~~...........##
................#


You could see an electric eel.

Vanquished Creatures
  Prince Ribbit (D:6)
  Sigmund (D:2)
  A black bear (D:5)
  An ogre (D:4)
  2 centaurs (D:5)
  A kobold brigand (Sewer)
  A phantom (D:4)
  Blork the orc (D:4)
  A bullfrog (D:6)
  A gnoll sergeant (D:4)
  A necrophage (D:6)
  An electric eel (D:6)
  A jelly (D:4)
  2 orc priests (D:5)
  3 iguanas
  Jessica (D:3)
  2 orc wizards
  9 adders
  5 gnolls (D:4)
  3 river rats (D:3)
  A white imp (D:6)
  4 worms
  7 dart slugs
  17 orcs
  14 ball pythons
  3 bats
  5 endoplasms
  4 goblins
  7 hobgoblins
  6 quokkas
  A frilled lizard (D:3)
  11 kobolds
  14 rats
133 creatures vanquished.

Notes
Turn   | Place    | Note
-------+----------+-------------------------------------------
     0 | D:1      | cheesebisquit the Minotaur Berserker began the quest for
                  | the Orb.
     0 | D:1      | Reached XP level 1. HP: 19/19 MP: 0/0
   159 | D:1      | Reached XP level 2. HP: 23/27 MP: 1/1
   706 | D:2      | Noticed Sigmund
   713 | D:2      | Killed Sigmund
   714 | D:2      | Reached skill level 4 in Axes
   714 | D:2      | Reached XP level 3. HP: 35/35 MP: 2/2
   714 | D:2      | Reached XP level 4. HP: 41/41 MP: 3/3
   714 | D:2      | Reached XP level 5. HP: 47/47 MP: 4/4
   877 | D:2      | Reached skill level 5 in Axes
  1019 | D:2      | Noticed a shining eye
  1020 | D:2      | Found a faded altar of an unknown god.
  1025 | D:2      | Noticed a floating eye
  1039 | D:2      | Noticed an eye of devastation
  1039 | D:2      | Noticed a floating eye
  1080 | D:2      | Reached ** piety under Trog
  1287 | D:2      | Found Lupaurin's General Store.
  2182 | D:3      | Reached XP level 6. HP: 39/55 MP: 5/5
  2274 | D:3      | Reached skill level 6 in Axes
  2322 | D:3      | Found a glowing drain.
  2332 | Sewer    | Entered a sewer
  3047 | D:3      | Reached skill level 7 in Axes
  3068 | D:3      | Noticed Jessica
  3083 | D:3      | Killed Jessica
  3817 | D:4      | Reached XP level 7. HP: 60/60 MP: 6/6
  3869 | D:4      | Noticed Blork the orc
  3876 | D:4      | Killed Blork the orc
  3877 | D:4      | Reached skill level 8 in Axes
  4118 | D:4      | Found a sand-covered staircase.
  4130 | D:4      | Reached skill level 9 in Axes
  4178 | D:4      | Found Hoen's Jewellery Shop.
  4185 | D:4      | Found Eleuf's Weapon Shop.
  4187 | D:4      | Found Rysygg's Distillery.
  4187 | D:4      | Found Suwnuc's Magic Scroll Shop.
  4200 | D:4      | Bought a potion of heal wounds for 60 gold pieces
  4212 | D:4      | Bought a scroll of identify for 28 gold pieces
  4212 | D:4      | Bought a scroll of identify for 28 gold pieces
  4546 | D:5      | Entered Level 5 of the Dungeon
  4820 | D:5      | Reached skill level 10 in Axes
  4930 | D:5      | Reached XP level 8. HP: 56/67 MP: 7/7
  5159 | D:6      | Noticed Prince Ribbit
  5167 | D:6      | Killed Prince Ribbit
  5168 | D:6      | Reached skill level 12 in Axes
  5224 | D:6      | Reached skill level 13 in Axes
  5423 | D:6      | Found a shimmering altar of Xom.
  5446 | D:6      | Found a sacrificial altar of Ru.
  5447 | D:6      | Found a broken altar of Ashenzari.
  5447 | D:6      | Found an ornate altar of the Wu Jian Council.
  5473 | D:6      | Found a runed translucent door.
  5473 | D:6      | Noticed wormed's ghost (novice DsFi)
  5569 | D:6      | Found a runed translucent door.
  5570 | D:6      | Noticed Crazy Yiuf
  5647 | D:6      | HP: 2/67 [electric eel/bolt of electricity (8)]
  5648 | D:6      | Killed from afar by an electric eel

Illustrated notes

Levels and vault maps discovered:
D:1:      scummos_arrival_forest, layout_loops_ring, glass_columns_a
D:2:      layout_basic, serial_shops, shop,
          hellmonk_ecumenical_altar_watching_god, uniq_sigmund
D:3:      layout_basic, lightli_sewer_entry_pipes, kennysheep_another_room,
          kennysheep_generic_room_2, uniq_jessica
D:4:      layout_loops_ring, nicolae_ossuary_entry_false_entrances,
          minmay_shop_grid_forest, uniq_blork_the_orc
D:5:      layout_cave_pods, minmay_manual_mares
D:6:      kennysheep_slugbush, layout_rooms, minitemple, ebering_ghost_sewer_f,
          kennysheep_generic_room_7, uniq_prince_ribbit1,
          uniq_crazy_yiuf_cottage

Skill      XL: |  1  2  3  4  5  6  7  8 |
---------------+-------------------------+-----
Fighting       | 4 |  4.8
Axes           | 4 5 7 10 13 | 13.7
Armour         | 4 |  4.0
Dodging        | 3 |  3.6

Action                   |  1- 3 |  4- 6 |  7- 9 || total
-------------------------+-------+-------+-------++-------
Melee: Hand axe          |    26 |   186 |   114 ||   326
       Headbutt          |     2 |    23 |    29 ||    54
       Punch             |       |     1 |     1 ||     2
Invok: Berserk           |     1 |     4 |     5 ||    10
       Trog's Hand       |       |     3 |     6 ||     9
  Use: Scroll            |       |     7 |     7 ||    14
 Stab: Sleeping          |       |     1 |       ||     1
Armor: Animal skin       |     2 |       |       ||     2
       Scale mail        |       |    68 |    57 ||   125
Dodge: Dodged            |    12 |    84 |    63 ||   159
